 Dungeon Crawl Stone Soup version 0.31.0-12-g77e489cdc1 (webtiles) character file.

Game seed: 13672073851473795688

2233 booth the Cleaver (level 9, -2/63 HPs)
             Began as a Demonspawn Gladiator on Feb 27, 2024.
             Was a Believer of Hepliaklqana.
             Slain by an acid dragon (9 damage)
             ... on level 7 of the Dungeon on Feb 28, 2024.
             The game lasted 00:35:44 (5073 turns).

booth the Cleaver (Demonspawn Gladiator)            Turns: 5073, Time: 00:35:45

Health: -2/63      AC:  3    Str: 18    XL:     9   Next: 14%
Magic:  9/9        EV: 12    Int: 14    God:    Hepliaklqana [**....]
Gold:   404        SH: 11    Dex: 16    Spells: 8/8 levels left

rFire   . . .        a - +1 war axe
rCold   + . .        (no shield)
rNeg    . . .        f - +1 ring mail
rPois   .            (helmet restricted)
rElec   .            C - +0 cloak
rCorr   .            (no gloves)
SInv    .            (no boots)
Will    +....        u - amulet of reflection
Stlth   +            o - ring of protection from cold
HPRegen 0.30/turn    c - +6 ring of intelligence
MPRegen 0.11/turn

%: reflection
@: corroded
A: reduced essence, horns 2, large bone plates 2, demonic guardian 1, demonic
magic 1, strong-willed 1
a: Renounce Religion, Recall Ancestor, Ancestor Identity


You were on level 7 of the Dungeon.
You worshipped Hepliaklqana.
Hepliaklqana was pleased with you.
You visited 2 branches of the dungeon, and saw 8 of its levels.

You collected 539 gold pieces.
You spent 135 gold pieces at shops.

Inventory:

Hand Weapons
 a - a +1 war axe (weapon)
 b - the +9 dagger "Dedeteth" {elec, SInv}
   (You found it on level 2 of the Dungeon)

   SInv:      It lets you see invisible.
 v - a +0 broad axe
 A - a +7 flail of protection
Missiles
 d - 3 throwing nets
 n - 6 poisoned darts (quivered)
 q - a dart of dispersal
Armour
 f - a +1 ring mail (worn)
 C - a +0 cloak (worn)
Jewellery
 c - a +6 ring of intelligence (right hand)
 o - a ring of protection from cold (left hand)
 u - an amulet of reflection (around neck)
Wands
 D - a wand of mindburst (8)
 E - a wand of paralysis (9)
 H - a wand of flame (5)
Scrolls
 e - a scroll of immolation
 j - a scroll of fog
 m - a scroll of poison
 p - 5 scrolls of fear
 w - 5 scrolls of teleportation
 y - a scroll of blinking
 z - a scroll of revelation
 B - a scroll of amnesia
 I - a scroll of silence {unknown}
Potions
 g - 3 potions of might
 h - 2 potions of haste
 i - 4 potions of curing
 k - 2 potions of mutation
 l - 3 potions of attraction
 r - a potion of resistance
 s - 2 potions of heal wounds
 t - a potion of degeneration {unknown}
 G - a potion of lignification


   Skills:
 + Level 6.3 Fighting
 * Level 8.3 Axes
 + Level 5.7 Throwing
 - Level 3.0 Dodging


You had 8 spell levels left.
You didn't know any spells.
Your spell library contained the following spells:

 Spells                   Type           Power      Damage    Failure   Level
 Slow                     Hex            0%         N/A       45%         1
 Sublimation of Blood     Necr           0%         N/A       61%         2
 Confusing Touch          Hex            0%         N/A       83%         3
 Frozen Ramparts          Ice            0%         1d1       83%         3
 Sigil of Binding         Hex            0%         N/A       83%         3
 Vampiric Draining        Necr           0%         2d6       83%         3
 Leda's Liquefaction      Alch/Erth      0%         N/A       99%         4
 Petrify                  Alch/Erth      0%         N/A       99%         4
 Irradiate                Conj/Alch      0%         3d11      100%        5
 Metabolic Englaciation   Hex/Ice        0%         N/A       100%        5
 Malign Gateway           Summ/Tloc      0%         N/A       100%        7
 Summon Horrible Things   Summ           0%         N/A       100%        8


Dungeon Overview and Level Annotations

Branches:
Dungeon (7/15)             Temple (1/1) D:4

Altars:
Ashenzari
Cheibriados
Dithmenos
Fedhas
Gozag
Hepliaklqana
Kikubaaqudgha
Makhleb
Nemelex Xobeh
Okawaru
Trog
Uskayaw
Vehumet
Wu Jian
Xom
Yredelemnul

Shops:
D:3 *   D:4 ?


Innate Abilities, Weirdness & Mutations

Your life essence is reduced to manifest your ancestor. (-10% HP)
You have a pair of horns on your head.
You are mostly covered in large bone plates. (SH +6)
A weak demonic guardian rushes to your aid.
Spells you cast may paralyse adjacent enemies.
You are strong-willed. (Will+)


Message History

There is an open door here.
You open the door.
A wyvern comes into view.
The wyvern hisses angrily.
You hear a roar!
Found 16 gold pieces.
The wyvern barely misses you.
An acid dragon comes into view.
Found 146 gold pieces.
You block the wyvern's attack.
Kendra casts a spell at the wyvern.
The wyvern seems to slow down.
Found a scale mail and 19 gold pieces.
The acid dragon spits acid at you. The splash of acid hits you!
A demonic guardian appears!
The acid corrodes you!
Kendra hits the wyvern with a +0 dagger of draining.
The wyvern closely misses you.
Kendra closely misses the wyvern.
You barely miss the acid dragon.
You headbutt the acid dragon, but do no damage.
You hit the wyvern. The acid dragon bites you. The acid dragon claws you.
Kendra hits the wyvern with a +0 dagger of draining.
The wyvern bites you.
Kendra gestures at the wyvern while chanting.
The wyvern appears confused.
You hit the acid dragon but do no damage.
You headbutt the acid dragon, but do no damage.
You hit the wyvern. The acid dragon spits acid at you.
The splash of acid hits you!!
* * * LOW HITPOINT WARNING * * *
Kendra casts a spell at the wyvern.
The wyvern resists with some effort.
You slash the acid dragon!
The acid dragon is moderately wounded.
You block the acid dragon's attack. The acid dragon claws you.
* * * LOW HITPOINT WARNING * * *
The wyvern bites Kendra.
Kendra hits the wyvern with a +0 dagger of draining!
Kendra drains the wyvern.
The wyvern dies!
Your white imp closely misses the acid dragon.
The acid dragon bites you!
You die...

####+## ##.....
#.D.### #.@5.$#
##+###.#$..$#
#....'R#[..$$#
+...
#...##.##.$$$#
#..# #+#
#..##$$$$##..#
#...###$$##..#
##....#####..#
#######'#####..#
...............#


You could see the friendly Kendra the hexer, an acid dragon (catching breath,
ally target) and a friendly white imp (summoned).

Vanquished Creatures
  A water moccasin (D:7)
  Edmund (D:4)
  A black bear (D:7)
  2 ogres
  2 phantoms
  4 scorpions
  2 wights (D:6)
  4 killer bees (D:7)
  A lava snake (D:7)
  A bombardier beetle (D:5)
  An orc priest (D:5)
  A sleepcap (D:6)
  3 hounds
  An orc wizard (D:5)
  4 gnolls
  2 adders
  3 dart slugs
  3 ribbon worms
  8 orcs
  9 endoplasms
  6 giant cockroaches
  7 goblins
  10 hobgoblins
  2 jackals (D:4)
  7 kobolds
  3 quokkas
  5 ball pythons
  7 bats
  6 frilled lizards
  6 rats
113 creatures vanquished.

Vanquished Creatures (collateral kills)
  A wyvern (D:7)
  A water moccasin (D:6)
  A black bear (D:6)
  An ogre (D:6)
  A kobold brigand (D:7)
  A wight (D:6)
  A killer bee (D:7)
  A howler monkey (D:6)
  2 jellies (D:6)
  An orc priest (D:3)
  A sleepcap (D:6)
  2 orc wizards
  An adder (D:4)
  2 ufetubi (D:6)
  A dart slug (D:3)
  3 orcs
  A jackal (D:4)
  A ball python (D:4)
  2 kobolds (D:7)
25 creatures vanquished.

Vanquished Creatures (others)
  2 ancestors
2 creatures vanquished.

Grand Total: 140 creatures vanquished

Notes
Turn   | Place    | Note
-------+----------+-------------------------------------------
     0 | D:1      | booth the Demonspawn Gladiator began the quest for the Orb.
     0 | D:1      | Reached XP level 1. HP: 16/16 MP: 1/1
   281 | D:1      | Gained mutation: A weak demonic guardian rushes to your
                  | aid. [demonic ancestry]
   281 | D:1      | Reached XP level 2. HP: 22/22 MP: 2/2
   295 | D:1      | Reached skill level 3 in Axes
   746 | D:1      | Gained mutation: You have a pair of small horns on your
                  | head. [demonic ancestry]
   746 | D:1      | Reached XP level 3. HP: 23/28 MP: 3/3
  1095 | D:1      | Gained mutation: You are strong-willed. (Will+) [potion of
                  | mutation]
  1178 | D:2      | Identified the +9 dagger "Dedeteth" {elec, SInv}
  1481 | D:2      | Gained mutation: You are partially covered in large bone
                  | plates. (SH +4) [demonic ancestry]
  1481 | D:2      | Reached XP level 4. HP: 25/34 MP: 4/4
  1702 | D:3      | Found a hazy altar of Hepliaklqana.
  1702 | D:3      | Found a hide-covered altar of Uskayaw.
  1704 | D:3      | Found a sparkling altar of Nemelex Xobeh.
  1715 | D:3      | Became a worshipper of Hepliaklqana the Forgotten
  1983 | D:3      | Found a faded altar of an unknown god.
  2085 | D:3      | Noticed a scorpion
  2095 | D:3      | Killed a scorpion
  2096 | D:3      | Reached skill level 4 in Axes
  2096 | D:3      | Gained mutation: You are mostly covered in large bone
                  | plates. (SH +6) [demonic ancestry]
  2096 | D:3      | Reached XP level 5. HP: 32/41 MP: 5/5
  2176 | D:3      | Found Qeopint's Assorted Antiques.
  2790 | D:4      | Reached * piety under Hepliaklqana
  2801 | D:4      | Gained mutation: You have a pair of horns on your head.
                  | [demonic ancestry]
  2801 | D:4      | Reached XP level 6. HP: 42/42 MP: 6/6
  2895 | D:4      | Found a staircase to the Ecumenical Temple.
  2903 | Temple   | Entered the Ecumenical Temple
  2944 | D:4      | Noticed Edmund
  2974 | D:4      | Killed Edmund
  2975 | D:4      | Reached skill level 5 in Axes
  3034 | D:4      | Found a bloodstained altar of Trog.
  3131 | D:4      | Found Zilonuo's Magic Scroll Emporium.
  3151 | D:4      | Reached XP level 7. HP: 48/48 MP: 7/7
  3154 | D:4      | Bought a scroll of identify for 20 gold pieces
  3154 | D:4      | Bought a scroll of identify for 20 gold pieces
  3154 | D:4      | Bought a scroll of summoning for 95 gold pieces
  3463 | D:5      | Entered Level 5 of the Dungeon
  3473 | D:5      | Found a radiant altar of Vehumet.
  3584 | D:5      | Reached skill level 6 in Axes
  3928 | D:5      | Identified the +5 sling of Xaovelyw {freeze, rN+}
  3952 | D:5      | Reached ** piety under Hepliaklqana
  3953 | D:5      | Remembered your ancestor Kendra as a hexer
  4198 | D:6      | Gained mutation: Spells you cast may paralyse adjacent
                  | enemies. [demonic ancestry]
  4198 | D:6      | Reached XP level 8. HP: 51/54 MP: 8/8
  4200 | D:6      | Reached skill level 5 in Fighting
  4237 | D:6      | Reached skill level 7 in Axes
  4283 | D:6      | Reached skill level 5 in Throwing
  4804 | D:7      | Reached skill level 8 in Axes
  4809 | D:7      | Reached XP level 9. HP: 35/62 MP: 9/9
  5073 | D:7      | Slain by an acid dragon

Illustrated notes

Levels and vault maps discovered:
D:1:      dpeg_arrival_arbitrary_a, layout_basic, minmay_box_of_dots
D:2:      layout_rooms
D:3:      minmay_skewed_foursquare, layout_basic, mainiacjoe_overflow_alcove_3,
          hellmonk_ecumenical_altar_arch_garden, serial_shops, shop_fountains
D:4:      layout_basic, kennysheep_mini_moat,
          minmay_temple_entry_statues_pillars, serial_shops, shop, uniq_edmund
D:5:      layout_loops_ring, amcnicky_altar_gilded
D:6:      layout_cave_pools, kennysheep_another_room
D:7:      layout_basic, jmf_multi_god_temple, grunt_decor_arrowhead,
          kennysheep_pointless_box, minmay_shop_damaged, minmay_the_grid_2x2
          [minmay_the_grid_dragon_a, minmay_the_grid_tree,
          minmay_the_grid_aliased_spiral, minmay_the_grid_prize_trominoes]
Temple:   nicolae_temple_bog_church

Skill      XL: |  1  2  3  4  5  6  7  8 |
---------------+-------------------------+-----
Axes           | 3 4 5 6 8 |  8.3
Throwing       | 2 3 4 5 |  5.7
Dodging        | 3 |  3.0
Fighting       | 3 4 6 |  6.3

Action                     |  1- 3 |  4- 6 |  7- 9 || total
---------------------------+-------+-------+-------++-------
  Melee: War axe           |    66 |       |    98 ||   164
         Punch             |     1 |       |     3 ||     4
         Dagger            |    21 |    75 |       ||    96
         Headbutt          |     3 |    12 |    28 ||    43
  Throw: Throwing net      |       |     4 |       ||     4
         Javelin           |       |     2 |     7 ||     9
         Boomerang         |       |    17 |       ||    17
         Dart              |       |     2 |    13 ||    15
 Invoke: Ancestor Life: He |       |       |     1 ||     1
         Ancestor Identity |       |       |     1 ||     1
    Use: Scroll            |     2 |     5 |     9 ||    16
         Potion            |     2 |     2 |     1 ||     5
   Stab: Distracted        |       |       |     1 ||     1
         Confused          |       |       |     1 ||     1
 Armour: Ring mail         |    51 |    23 |    48 ||   122
         Leather armour    |     1 |       |       ||     1
  Dodge: Dodged            |    49 |    22 |    41 ||   112
  Block: Other             |       |    16 |    46 ||    62
         Reflection        |       |     1 |     2 ||     3
